 Dungeon Crawl Stone Soup version 0.18.1-50-g88ac8fd (webtiles) character file.

22962 Krapule the Blocker (level 13, -1/90 HPs)
             Began as a Halfling Fighter on Oct 10, 2016.
             Was an Elder of Dithmenos.
             Killed from afar by Harold (42 damage)
             ... with a bolt of fire
             ... on level 1 of the Lair of Beasts.
             The game lasted 01:30:14 (16321 turns).

Krapule the Blocker (Halfling Fighter)             Turns: 16321, Time: 01:30:15

Health: -1/90      AC: 17    Str: 16    XL:     13   Next: 31%
Magic:  18/18      EV: 20    Int: 10    God:    Dithmenos [****..]
Gold:   943        SH: 13    Dex: 16    Spells: 1 memorised, 15 levels left

rFire  . . .     SeeInvis +     a - +4 scimitar (protect)
rCold  . . .     Gourm    .     B - +3 leather armour
rNeg   + . .     Faith    .     c - +1 shield
rPois  .         Spirit   .     l - +0 hat {MR+}
rElec  .         Dismiss  .     D - +1 cloak
rCorr  .         Reflect  .     V - +2 pair of gloves
SustAt .         Harm     .     (no boots)
MR     +....                    r - amulet of regeneration
Stlth  ++++++++..               n - ring of see invisible
                                H - ring of positive energy (curse)

@: wreathed by umbra, somewhat resistant to hostile enchantments,
extraordinarily stealthy
A: mutation resistance 1
a: Shadow Step, Renounce Religion


You were on level 1 of the Lair of Beasts.
You worshipped Dithmenos.
Dithmenos was greatly pleased with you.
You were not hungry.

You visited 3 branches of the dungeon, and saw 15 of its levels.

You collected 943 gold pieces.

Inventory:

Hand Weapons
 a - a +4 scimitar of protection (weapon)
 b - the +7 Spriggan's Knife {MR+ EV+4 Dex+4 Stlth+}
   (You found it on level 11 of the Dungeon)

   It affects your evasion (+4).
   It affects your dexterity (+4).
   It affects your resistance to hostile enchantments.
   It makes you more stealthy.
 d - the +2 flail "Cyicruk" {crush, rElec rPois Str+6}
   (You found it on level 4 of the Dungeon)

   It inflicts extra damage upon your enemies.
   It affects your strength (+6).
   It insulates you from electricity.
   It protects you from poison.
Missiles
 Q - 2 throwing nets (quivered)
Armour
 c - a +1 shield (worn)
 l - a +0 hat of magic resistance (worn)
 B - a +3 leather armour (worn)
 D - a +1 cloak (worn)
 O - a troll hide
 V - a +2 pair of gloves (worn)
Jewellery
 k - an uncursed amulet of guardian spirit
 n - a ring of see invisible (right hand)
 q - an uncursed ring of positive energy
 r - an amulet of regeneration (around neck)
 y - an uncursed ring of protection from cold
 H - a cursed ring of positive energy (left hand)
 J - an uncursed ring of teleportation
 N - an uncursed ring of flight
 S - an uncursed amulet of the gourmand
 U - a +3 ring of intelligence
Wands
 z - a wand of confusion (6/48)
Scrolls
 e - 2 scrolls of remove curse
 i - 7 scrolls of teleportation
 o - a scroll of magic mapping
 p - 2 scrolls of fear
 t - a scroll of enchant armour
 E - 4 scrolls of fog
 G - 2 scrolls of recharging
 I - a scroll of amnesia
 W - a scroll of enchant weapon
Potions
 g - 4 potions of curing
 h - 3 potions of resistance
 j - 2 potions of brilliance
 v - 2 potions of invisibility {unknown}
 w - 2 potions of lignification {unknown}
 x - 4 potions of might
 A - a potion of flight
 C - 2 potions of berserk rage {unknown}
 L - a potion of agility {unknown}
 M - a potion of magic {unknown}
 R - 3 potions of haste {unknown}
 X - a potion of cure mutation {unknown}
 Y - a potion of heal wounds
 Z - a potion of mutation {unknown}
Books
 P - a book of Misfortune

   Spells                             Type                      Level
   a - Confusing Touch                Hexes                        2
   b - Confuse                        Hexes                        3
   c - Gell's Gravitas                Hexes/Translocation          3
   d - Petrify                        Transmutation/Earth          4
   e - Metabolic Englaciation         Hexes/Ice                    5
   f - Yara's Violent Unravelling     Hexes/Transmutation          5
Comestibles
 f - 9 bread rations
 m - 4 slices of pizza
 s - 5 meat rations
 u - 12 fruits
 K - 3 beef jerkies


   Skills:
 + Level 8.8 Fighting
 + Level 4.6(5.8) Short Blades
 - Level 4.0(4.6) Long Blades
 - Level 7.0 Armour
 + Level 9.8 Dodging
 + Level 10.2 Stealth
 + Level 10.3 Shields
 - Level 3.0 Spellcasting
 + Level 4.6 Hexes
 + Level 7.4 Invocations


You had 15 spell levels left.
You knew the following spells:

 Your Spells              Type           Power        Failure   Level  Hunger
a - Confuse               Hex            ##......     47%         3    ###....


Dungeon Overview and Level Annotations

Branches:
Dungeon (12/15)            Temple (1/1) D:6            Lair (2/8) D:11
    Orc (0/2) D:10

Altars:
Dithmenos
Elyvilon
Fedhas
Kikubaaqudgha
Makhleb
Nemelex Xobeh
Okawaru
Qazlal
Ru
Trog
Vehumet
Xom
Yredelemnul
Zin

Shops:
D:12 ?

Annotations:
D:5 Vatticson's ghost, amateur HOBe
D:6 Prince Ribbit
Lair:1 Harold; feelmyfire's ghost, journeyman MiFi


Innate Abilities, Weirdness & Mutations

You are small and have problems with some larger weapons.
You are somewhat resistant to further mutation.


Message History

Harold mumbles some strange words.
Harold blinks!
Fire/throw which item? (* to show all) (? for menu, Esc to quit)
Okay, then.
Evoke which item? (* to show all) (? for menu, Esc to quit)
Zapping:
z - a wand of confusion {zapped: 13} (will waste charges)
Press: ? - help, Shift-Dir - straight line, f - Harold
Aim: Harold, wielding a halberd of protection and wearing a ring mail (severely wounded, chance to defeat MR: 15%) Harold resists with almost no effort.
Evoking this partially-identified wand wasted a few charges.
Evoke which item? (* to show all) (? for menu, Esc to quit)
Zapping:
z - a wand of confusion {zapped: 16} (will waste charges)
Press: ? - help, Shift-Dir - straight line, f/p - Harold
Aim: Harold, wielding a halberd of protection and wearing a ring mail (severely wounded, umbra, chance to defeat MR: 15%) Harold resists with almost no effort.
Evoking this partially-identified wand wasted a few charges.
Harold yells, "I don't have all day!"
Harold gestures at you while chanting. The bolt of fire hits you!
You die...

..........#.........÷..##
.......# #............#
##....## #.@..........#
###.## ('............#
###..P# #.#............#
#.....# ###########..P##
#.#.##### #####..#####
#.##..#.# ##...§...>..#
.......# #...@...@...#
.......# ####..........#
.......####..'..........#
.......#.#...#..........#
.......##..###..........#
.......##.###...........#
..........# ##..........#
.......##.# #..........#
.......#### ####..######


You could see Harold.

Vanquished Creatures
  Gastronok (Lair:1)
  A hydra (D:12)
  Sonja (D:12)
  An unseen horror (D:10)
  The ghost of rme2001 the Quickloader, a novice CeHu of Ru (D:12)
  Pikel (D:5)
  6 hill giants
  A black mamba (Lair:1)
  A spiny frog (Lair:2)
  2 komodo dragons
  4 trolls
  A polar bear (D:12)
  A two-headed ogre (D:11)
  A centaur simulacrum (D:12)
  A spriggan (D:7)
  Sigmund (D:4)
  16 yaks
  A water elemental (D:12)
  4 basilisks
  A steam dragon (D:12)
  A hungry ghost (D:10)
  3 hippogriffs
  7 water moccasins
  A swamp drake (D:10)
  5 porcupines
  5 sky beasts
  5 orc warriors
  3 ice beasts
  An eye of draining (D:11)
  4 phantoms
  A wasp (D:12)
  A black bear (D:11)
  10 ogres
  A wolf (D:12)
  6 centaurs
  The ghost of Krapule the Charmwright, an amateur HESk (D:4)
  A big kobold (D:4)
  3 crocodiles (Lair:2)
  6 giant frogs
  2 gnoll sergeants (D:7)
  A wyvern zombie (D:6)
  4 scorpions
  9 wights
  A howler monkey (D:6)
  2 electric eels
  9 crimson imps
  4 jellies
  2 centaur zombies (D:12)
  6 hounds
  7 orc priests
  A centaur skeleton (D:4)
  3 giant frog skeletons
  13 orc wizards
  Jessica (D:4)
  Terence (D:2)
  11 iguanas
  9 worker ants
  A killer bee zombie (D:11)
  A worker ant zombie (D:6)
  9 gnolls
  A howler monkey skeleton (D:8)
  22 adders
  32 river rats
  3 shadow imps
  3 white imps
  An ufetubus (D:12)
  2 oozes
  An adder zombie (D:9)
  An adder skeleton (D:8)
  2 worms
  A dart slug (D:1)
  9 giant geckos
  37 orcs
  4 ball pythons
  6 giant cockroaches
  6 goblins
  9 hobgoblins
  12 jackals
  2 quokkas
  12 bats
  2 giant newts (D:1)
  A jackal skeleton (D:4)
  7 kobolds
  4 rats
389 creatures vanquished.

Vanquished Creatures (others)
  A manticore (D:12)
  A slave (D:5)
  A human (D:2)
  2 fungi
5 creatures vanquished.

Grand Total: 394 creatures vanquished

Notes
Turn   | Place    | Note
--------------------------------------------------------------
     0 | D:1      | Krapule the Halfling Fighter began the quest for the Orb.
     0 | D:1      | Reached XP level 1. HP: 15/15 MP: 1/1
   131 | D:1      | Reached XP level 2. HP: 14/20 MP: 2/2
   494 | D:1      | Reached skill level 1 in Stealth
   494 | D:1      | Reached XP level 3. HP: 26/26 MP: 3/3
   693 | D:2      | Found a sparkling altar of Nemelex Xobeh.
   822 | D:2      | Reached skill level 1 in Dodging
   822 | D:2      | Reached XP level 4. HP: 21/31 MP: 4/4
  1072 | D:2      | Found a radiant altar of Vehumet.
  1183 | D:2      | Noticed Jessica
  1383 | D:2      | Noticed Terence
  1397 | D:2      | Killed Terence
  1397 | D:2      | Reached XP level 5. HP: 34/36 MP: 5/5
  1458 | D:2      | Found a faded altar to an unknown god.
  1502 | D:2      | Found an ancient bone altar of Kikubaaqudgha.
  1502 | D:2      | Noticed a human
  1506 | D:2      | Killed a human
  2290 | D:3      | Found a sacrificial altar of Ru.
  2942 | D:3      | Reached XP level 6. HP: 42/42 MP: 6/6
  3076 | D:4      | Found a shimmering altar of Xom.
  3080 | D:4      | Noticed Krapule's ghost (amateur HESk)
  3156 | D:4      | Killed Krapule's ghost
  3421 | D:4      | Noticed Sigmund
  3431 | D:4      | Killed Sigmund
  3431 | D:4      | Reached XP level 7. HP: 38/48 MP: 7/7
  3478 | D:4      | Killed Jessica
  3494 | D:4      | Reached skill level 5 in Armour
  3494 | D:4      | Reached skill level 5 in Shields
  3706 | D:4      | Got a crude flail
  3707 | D:4      | Identified the +2 flail "Cyicruk" {crush, rElec rPois Str+6} (You found it on level 4 of the Dungeon)
  3770 | D:4      | Reached XP level 8. HP: 54/54 MP: 8/8
  3982 | D:4      | Found a shimmering altar of Xom.
  3982 | D:4      | Found a shimmering altar of Xom.
  3982 | D:4      | Found a shimmering altar of Xom.
  3983 | D:4      | Found a shimmering altar of Xom.
  3983 | D:4      | Found a shimmering altar of Xom.
  4311 | D:5      | Entered Level 5 of the Dungeon
  4455 | D:5      | Reached skill level 5 in Stealth
  4582 | D:5      | Noticed Pikel
  4608 | D:5      | Killed Pikel
  4608 | D:5      | Reached skill level 5 in Fighting
  4608 | D:5      | Reached skill level 5 in Dodging
  4608 | D:5      | Reached XP level 9. HP: 50/61 MP: 9/9
  4744 | D:5      | Noticed Vatticson's ghost (amateur HOBe)
  5565 | D:5      | Found a blossoming altar of Fedhas.
  6421 | D:6      | Found a staircase to the Ecumenical Temple.
  6430 | Temple   | Entered the Ecumenical Temple
  6443 | Temple   | Became a worshipper of Dithmenos the Shadowed
  6651 | D:6      | Found an iron altar of Okawaru.
  6665 | D:6      | Noticed Prince Ribbit
  6908 | D:7      | Found a stormy altar of Qazlal.
  7094 | D:7      | Reached XP level 10. HP: 68/68 MP: 10/10
  7096 | D:7      | Reached skill level 1 in Invocations
  7300 | D:7      | Found a bloodstained altar of Trog.
  7432 | D:7      | Reached * piety under Dithmenos
  9537 | D:9      | Noticed a hornet
  9548 | D:9      | Noticed a hornet
  9548 | D:9      | Noticed a hornet
  9548 | D:9      | Noticed a hornet
  9548 | D:9      | Noticed a hornet
  9552 | D:9      | Noticed a hornet
  9552 | D:9      | Noticed a hornet
  9561 | D:9      | Noticed a hornet
  9582 | D:9      | Noticed a hornet
  9631 | D:9      | Reached XP level 11. HP: 74/74 MP: 13/13
  9892 | D:9      | Got a sheer robe
  9903 | D:9      | Identified the +1 robe "Otudodgh" {SInv} (You found it on level 9 of the Dungeon)
 10016 | D:10     | Entered Level 10 of the Dungeon
 10061 | D:10     | Found a burning altar of Makhleb.
 10194 | D:10     | Reached ** piety under Dithmenos
 10294 | D:10     | Noticed a hill giant
 10313 | D:10     | Killed a hill giant
 10533 | D:10     | Learned a level 3 spell: Confuse
 10731 | D:10     | Found a staircase to the Orcish Mines.
 10984 | D:10     | Reached skill level 1 in Hexes
 10997 | D:10     | Reached skill level 1 in Spellcasting
 11028 | D:10     | Noticed an unseen horror
 11054 | D:10     | Reached skill level 5 in Invocations
 11066 | D:10     | Killed an unseen horror
 11522 | D:11     | Found a staircase to the Lair.
 11653 | D:11     | Noticed a hill giant
 11666 | D:11     | Killed a hill giant
 11766 | D:11     | Noticed a hill giant
 11777 | D:11     | Killed a hill giant
 11808 | D:11     | Noticed a hill giant
 11831 | D:11     | Killed a hill giant
 11834 | D:11     | Reached XP level 12. HP: 81/82 MP: 16/16
 12174 | Lair:1   | Entered Level 1 of the Lair of Beasts
 12174 | Lair:1   | Noticed Harold
 12195 | Lair:1   | Noticed feelmyfire's ghost (journeyman MiFi)
 12373 | D:12     | Noticed rme2001's ghost (novice CeHu)
 12403 | D:12     | Found Hegoik's Magic Scroll Shoppe.
 12773 | Lair:1   | Reached *** piety under Dithmenos
 13052 | Lair:1   | Noticed Gastronok
 13401 | Lair:1   | Killed Gastronok
 13401 | Lair:1   | Reached skill level 1 in Short Blades
 13497 | D:11     | Identified a scroll of acquirement
 14267 | D:12     | Noticed Sonja
 14284 | D:12     | Found a sparkling altar of Nemelex Xobeh.
 14359 | D:12     | Killed Sonja
 14359 | D:12     | Reached skill level 10 in Shields
 14570 | D:12     | Noticed a five-headed hydra
 14729 | D:12     | Killed a five-headed hydra
 14743 | D:12     | Reached skill level 10 in Stealth
 14750 | D:12     | Reached **** piety under Dithmenos
 14837 | D:12     | Killed rme2001's ghost
 14837 | D:12     | Reached XP level 13. HP: 76/89 MP: 18/18
 16321 | Lair:1   | Killed from afar by Harold

Skill      XL: |  1  2  3  4  5  6  7  8  9 10 11 12 13 |
---------------+----------------------------------------+-----
Fighting       | 3 4 5 6 7 8 |  8.8
Stealth        | 1 2 3 4 5 6 8 9 10 | 10.2
Dodging        | 1 2 3 5 6 7 8 9 |  9.8
Shields        | 4 5 6 7 8 9 10 | 10.3
Armour         | 4 5 6 7 |  7.0
Invocations    | 3 5 6 7 |  7.4
Long Blades    | 4 |  4.0
Hexes          | 2 4 |  4.6
Spellcasting   | 1 3 |  3.0
Short Blades   | 3 4 |  4.6

Action                   |  1- 3 |  4- 6 |  7- 9 | 10-12 | 13-15 || total
-------------------------+-------+-------+-------+-------+-------++-------
Melee: Long sword        |    96 |   258 |    26 |       |       ||   380
       Flail             |       |       |   344 |    61 |       ||   405
       Scimitar          |       |       |       |  1126 |   200 ||  1326
       Knife             |       |       |       |    62 |    79 ||   141
Throw: Throwing net      |       |       |       |     2 |       ||     2
Evoke: Wand              |       |       |     1 |     7 |     2 ||    10
  Use: Scroll            |       |     9 |     1 |    10 |     3 ||    23
       Potion            |       |     1 |       |     3 |       ||     4
 Stab: Sleeping          |       |       |     3 |    37 |     5 ||    45
       Distracted        |       |       |       |     5 |     5 ||    10
       Confused          |       |       |       |     1 |       ||     1
  Eat: Chunk             |       |     8 |    13 |    32 |     5 ||    58
Armor: Scale mail        |    56 |    12 |       |       |       ||    68
       Chain mail        |       |    98 |   131 |       |       ||   229
       Leather armour    |       |       |    14 |   229 |    31 ||   274
Dodge: Dodged            |    53 |    90 |   154 |   788 |   127 ||  1212
Block: Shield            |    71 |   138 |   257 |   809 |   140 ||  1415
